[Event "93rd German Championship 2022"]
[Site "Magdeburg"]
[Date "2022.08.14"]
[Round "1.1"]
[White "Richter, Nils"]
[Black "Kunin, Vitaly"]
[Result "1-0"]
[ECO "A50"]
[WhiteElo "2359"]
[BlackElo "2528"]
[Annotator "TA"]
[PlyCount "77"]
[EventDate "2022.08.14"]
[EventType "swiss"]
[EventCountry "GER"]
[SourceTitle "playchess.com"]
[Source "ChessBase"]
[SourceQuality "1"]
[TimeControl "40/5400+30:1800+30"]

1. d4 Nf6 2. c4 b6 3. f3 Nc6 4. e4 e5 5. Ne2 exd4 6. Nxd4 {[%emt 0:00:29] A50: Queen's Fianchetto Defence (1 d4 Nf6 2 c4 b6).} Nxd4 7. Qxd4 Bc5 8. Qe5+ {[%emt 0:02:31] The position is equal.} Be7 9. Bf4 d6 10. Qd4 O-O 11. Nc3 {[%emt 0:00:16] [#]} Bb7 $146 ({Predecessor:} 11... Nd7 12. Nd5 Nc5 13. O-O-O Ne6 14. Qd2 Nxf4 15. Nxe7+ Qxe7 16. Qxf4 a6 17. a3 f6 {0-1 (118) Roshka,Y (2353)-Bagi,M (2459) Pardubice 2019}) 12. Be2 Nh5 13. Be3 Bg5 14. O-O {[%emt 0:01:09] [#] And now f4 would win.} Nf4 (14... Bf4 $5 15. Nd5 Bxd5 16. cxd5 Qg5 $15) 15. Rfe1 f5 16. exf5 Rxf5 17. Bf1 Qd7 18. Ne2 (18. Qd2 $1 $14) 18... Ne6 19. Qd2 Bxe3+ 20. Qxe3 Re5 21. Qd2 Re8 22. Nc3 {[%emt 0:04:56] Threatens to win with Rxe5.} Nd4 23. Nb5 Nxb5 24. Rxe5 Rxe5 25. cxb5 h5 26. Rc1 Qf7 27. Rc4 ({Better is} 27. Rc3 $14) 27... Bd5 28. Ra4 Bxa2 29. Rxa7 {[%emt 0:00:23] Strongly threatening Qc2.} Bd5 30. Bd3 Re7 31. h4 c5 $2 {[%emt 0:00:35][%mdl 8192] [#] Black cannot hold the game after this.} (31... Re5 $11 {and Black has nothing to worry.}) 32. Bg6 $1 $18 Qxg6 33. Rxe7 {[%emt 0:01:49][%mdl 4096] Endgame KQR-KQB} Bf7 (33... Bxf3 $142 34. Qg5 Qxg5 35. hxg5 Bd5) 34. Rd7 d5 35. Qg5 Qd3 36. Qd8+ {[%emt 0:00:39] White mates.} Kh7 37. Rxf7 Qe3+ 38. Kh2 Qe5+ 39. f4 {[%emt 0:00:21] Weighted Error Value: White=0.21 (precise) /Black=0.55} 1-0

[Event "93rd German Championship 2022"]
[Site "Magdeburg"]
[Date "2022.08.14"]
[Round "1.2"]
[White "Poetsch, Hagen"]
[Black "Costa, Leonardo"]
[Result "1-0"]
[ECO "B12"]
[WhiteElo "2500"]
[BlackElo "2316"]
[Annotator "TA"]
[PlyCount "57"]
[EventDate "2022.08.14"]
[EventType "swiss"]
[EventCountry "GER"]
[SourceTitle "playchess.com"]
[Source "ChessBase"]
[SourceQuality "1"]
[TimeControl "40/5400+30:1800+30"]

1. e4 c6 2. d4 d5 3. e5 Bf5 4. h4 h5 5. c4 e6 6. Nc3 Ne7 7. Nge2 $1 {[%emt 0:00:21] The main line 7.Nge2 scores better than 7.Bg5. B12: Caro-Kann: Advance Variation.} Nd7 8. Ng3 Bg6 9. Bg5 {[%emt 0:02:10] The position is equal.} Qb6 10. Rc1 Qxb2 11. Bd3 $1 Bxd3 12. Qxd3 dxc4 13. Qxc4 Nb6 14. Qd3 Ned5 15. O-O Qa3 16. Nge4 Bb4 {[%emt 0:12:00] Threatens to win with ...Bxc3.} 17. Qf3 {[%emt 0:03:38] [#]} Nc4 $146 ({Predecessor:} 17... Ne7 18. Rfd1 Nf5 19. Rd3 Qa5 20. Rb1 Rc8 21. Ne2 Rc7 22. Nf4 Nd5 23. Nxh5 Qxa2 24. Rbd1 g6 25. Nhf6+ Kf8 26. g4 Nxf6 27. Bxf6 Ng7 28. Bxg7+ {1-0 (28) Kadric,D (2558)-Doric,D (2467) Mali Losinj 2019}) 18. Qe2 Nxc3 (18... Qa6 $11 {keeps the balance.}) 19. Rxc3 $16 ({But not} 19. Nxc3 $6 Bxc3 20. Qxc4 Ba5 $11) 19... Bxc3 20. Qxc4 Bb4 (20... O-O $16 {was called for.}) 21. Rb1 $18 a5 {[%emt 0:03:00] [#]} (21... O-O 22. Rxb4 b5) 22. Qc2 $1 {[%emt 0:05:27] White is clearly winning.} Be7 23. Bc1 (23. Rxb7 $142 Rc8 24. Rxe7+ Qxe7 25. Bxe7) 23... Qb4 24. Rxb4 axb4 25. Bg5 Ra5 26. Bxe7 Kxe7 27. Qd2 Ra4 28. Qg5+ Kd7 29. Nc5+ {[%emt 0:00:07] Weighted Error Value: White=0.33/Black=0.27 (precise)} 1-0

[Event "93rd German Championship 2022"]
[Site "Magdeburg"]
[Date "2022.08.14"]
[Round "1.3"]
[White "Colbow, Collin"]
[Black "Feuerstack, Aljoscha"]
[Result "1/2-1/2"]
[ECO "B40"]
[WhiteElo "2325"]
[BlackElo "2473"]
[Annotator "TA"]
[PlyCount "80"]
[EventDate "2022.08.14"]
[EventType "swiss"]
[EventCountry "GER"]
[SourceTitle "playchess.com"]
[Source "ChessBase"]
[SourceQuality "1"]
[TimeControl "40/5400+30:1800+30"]

1. e4 c5 2. Nf3 e6 3. d4 cxd4 4. Nxd4 Nf6 5. Nc3 Nc6 6. Ndb5 Bc5 7. Bf4 {[%emt 0:00:43] 7.Bf4 is better than 7.Nd6+.} O-O {[%emt 0:00:08] B45: Sicilian Four Knights.} 8. Bc7 Qe7 {[%emt 0:00:05] Strongly threatening ...d5.} 9. Bd6 $1 Bxd6 {[%emt 0:00:04] White is slightly better.} 10. Qxd6 Qd8 11. Nc7 Rb8 12. Be2 b5 13. e5 ({Weaker is} 13. Bxb5 Rb7 14. e5 (14. Bxc6 dxc6 15. Qxd8 Rxd8 $17) 14... Nh5 15. Bxc6 dxc6 16. Qxd8 Rxd8 $17) 13... Ne8 14. Nxe8 {[%emt 0:00:12] Nc7 is the strong threat.} Rxe8 15. O-O {[%emt 0:01:51][%cal Bh1f1,Bf1e1,Be1e5][%mdl 32] [#]} ({Reject} 15. Bxb5 Qa5 16. Bxc6 Rxb2 $15) 15... f6 $146 (15... b4 $14 16. Ne4 Bb7) ({Predecessor:} 15... b4 16. Ne4 Qb6 17. Rfd1 Ne7 18. a4 Qxd6 19. Nxd6 Rd8 20. Rd4 Nc6 21. Re4 f5 22. exf6 gxf6 {0-1 (41) Hungaski,R (2511)-Tristan,L (2535) Villa Martelli 2021}) 16. Bxb5 Rb6 17. exf6 {[%emt 0:14:26] White is much more active.} Qxf6 18. Bxc6 Rxc6 19. Qd2 d5 20. Rfe1 Bd7 21. Rad1 Rec8 22. f4 Be8 23. Re5 Rb6 (23... h6 $11 {remains equal.}) 24. Rde1 $1 $16 {[%emt 0:05:36][%cal Oc3d5] aiming for Nxd5!} Bg6 25. f5 $1 Bxf5 {[%emt 0:02:18] [#]} 26. Nxd5 $1 Qd8 {[%emt 0:02:10][%mdl 64] [#] Pin} 27. Qa5 ({White should try} 27. Rxf5 $1 $16 {[%cal Of5e5] And now Rfe5! would win.} exf5 28. Ne7+ (28. c4 Rb7 $11) 28... Kf8 29. Qf4) 27... Rxb2 {[%emt 0:08:48] [#] The position is equal.} 28. Rxf5 $1 exd5 (28... Qxa5 $2 29. Ne7+ Kh8 30. Rxa5 $16) 29. Qxa7 h6 30. Qf7+ Kh7 $1 31. Rxd5 Qb6+ 32. Kh1 {[%emt 0:00:28] Hoping for Qf5+.} Rcxc2 33. Qf5+ $40 {[%emt 0:00:35][%mdl 128] White is up to no good.} Qg6 34. Qxg6+ Kxg6 $11 {[%emt 0:00:05][%mdl 4096] Endgame KRR-KRR} 35. a4 Rxg2 36. Rg1 Rxg1+ 37. Kxg1 Ra2 38. a5 Kf6 39. Rb5 g5 40. Rb6+ Kf5 {[%emt 0:00:15] Weighted Error Value: White=0.09 (flawless) /Black=0.13 (very precise)} 1/2-1/2

[Event "93rd German Championship 2022"]
[Site "Magdeburg"]
[Date "2022.08.14"]
[Round "1.4"]
[White "Becker, Michael"]
[Black "Braun, Georg"]
[Result "0-1"]
[ECO "C00"]
[WhiteElo "2270"]
[BlackElo "2398"]
[Annotator "TA"]
[PlyCount "88"]
[EventDate "2022.08.14"]
[EventType "swiss"]
[EventCountry "GER"]
[SourceTitle "playchess.com"]
[Source "ChessBase"]
[SourceQuality "1"]
[TimeControl "40/5400+30:1800+30"]

1. e4 e6 2. d3 d5 3. Qe2 Nc6 4. Nf3 e5 5. exd5 Qxd5 6. Nc3 {[%emt 0:01:42] C00: French: Unusual White 2nd moves.} Bb4 7. Bd2 Bxc3 8. Bxc3 {[%emt 0:03:10] The position is equal.} Bg4 9. Qe4 Bxf3 10. gxf3 ({White should play} 10. Qxf3 $11 Qxf3 11. gxf3) 10... Nf6 $15 11. Qxd5 Nxd5 12. Bd2 Nd4 13. O-O-O O-O-O {[%emt 0:00:32] [#]} 14. f4 $146 ({Predecessor:} 14. Bg2 Nf4 15. Bxf4 Ne2+ 16. Kb1 Nxf4 17. Bf1 c5 18. h4 h5 19. c3 Rh6 20. Rg1 {0-1 (31) Iliaguev,N (2120)-Plazuelo Pascual,J (2256) Prague 2016}) 14... Nxf4 15. Bxf4 exf4 16. Rg1 (16. c3 $15) 16... Rhg8 {[%emt 0:08:09] Black is more active.} 17. h4 f5 18. c3 Nf3 19. Rh1 Ne5 20. d4 Ng4 21. Rd2 Rge8 $36 {[%emt 0:01:36][%mdl 2048] Strongly threatening ...Re1+. Keeping White busy.} 22. Bc4 g6 23. h5 g5 24. Bd3 (24. Rg1 $17 {was worth a try.}) 24... Nh6 $19 25. f3 (25. Rg1 {keeps fighting.} g4 26. Rdd1) 25... Re3 26. Rg1 Rg8 ({Weaker is} 26... Rxf3 27. Rxg5 Rf8 28. Bc2 $15 (28. Rg7 Ng4 $15)) 27. Bc4 Rg7 28. Rf2 Kd7 29. Kd2 Ke7 30. b4 Kf6 31. a4 Nf7 32. a5 Nd6 33. Bd3 h6 34. b5 Re8 35. c4 {[%emt 0:05:07] [#]} (35. Kc2 $142) 35... Rge7 (35... Ne4+ $1 $19 {[%mdl 512] is more deadly.} 36. fxe4 fxe4) 36. Re2 $2 {[%emt 0:01:02] This move loses the game for White.} (36. c5 $17 {is the only way for White.} Nf7 37. Re2) 36... b6 37. Rxe7 Rxe7 {[%emt 0:00:08][%mdl 4096] Endgame KRB-KRN} 38. c5 {[%emt 0:00:25] [#]} Nb7 39. axb6 (39. a6 Nd8 40. cxb6 cxb6 41. Bc4) 39... axb6 40. cxb6 cxb6 41. Rc1 g4 42. Rc6+ {[%emt 0:05:39] [#]} Re6 $1 ({Stronger than} 42... Kg5 43. Rxb6 gxf3 44. Rc6 $17) 43. Rc8 ({Don't play} 43. Bxf5 Kxf5 44. fxg4+ Kf6) 43... Nd6 44. fxg4 (44. Rh8 $142 Kg7 45. Rb8) 44... Nxc8 {[%emt 0:00:00] Weighted Error Value: White=0.40/Black=0.15 (very precise)} 0-1

[Event "93rd German Championship 2022"]
[Site "Magdeburg"]
[Date "2022.08.14"]
[Round "1.5"]
[White "Vogel, Roven"]
[Black "Boder, Jan"]
[Result "0-1"]
[ECO "A45"]
[WhiteElo "2465"]
[BlackElo "2315"]
[Annotator "TA"]
[PlyCount "76"]
[EventDate "2022.08.14"]
[EventType "swiss"]
[EventCountry "GER"]
[SourceTitle "playchess.com"]
[Source "ChessBase"]
[SourceQuality "1"]
[TimeControl "40/5400+30:1800+30"]

1. d4 Nf6 2. Nc3 d5 3. Bf4 e6 4. Nb5 Na6 5. e3 Bb4+ 6. c3 {[%emt 0:01:30] D00: 1 d4 d5: Unusual lines.} Be7 7. a4 c6 8. Na3 {[%emt 0:00:10] The position is equal.} Nc7 9. Bd3 O-O {[%emt 0:03:40] [#]} 10. Qf3 $146 ({Predecessor:} 10. g4 Ne4 11. Ne2 f5 12. f3 Bh4+ 13. Ng3 Nf6 14. Qc2 h6 15. O-O-O fxg4 16. fxg4 {0-1 (38) Kisic,B (2233)-Pecurica,M (2320) Niksic 2021}) 10... Nce8 11. Ne2 Nd6 12. Ng3 Nf5 {[%emt 0:07:33] [#] Hoping for ...Nh4.} 13. O-O Nh4 14. Qe2 Ng6 15. Bg5 Ne4 {[%emt 0:18:51] White must now prevent ...Nxg3.} 16. Bxe7 ({Avoid the trap} 16. Nxe4 $2 dxe4 17. Bxe4 (17. Bxe7 $2 exd3 18. Qxd3 Qxe7 $19) 17... Bxg5 $19) 16... Nxg3 17. hxg3 Qxe7 18. e4 f5 19. e5 Qg5 20. Nc2 f4 21. Qd2 Qh6 22. Bxg6 hxg6 23. gxf4 Rf5 24. f3 ({And not} 24. g3 Qh3 25. Ne3 Rh5 $17) 24... b6 (24... Rh5 $14) 25. Ne3 Qxf4 26. Qf2 ({Of course not} 26. g4 Rf7 $11) (26. a5 $14) 26... Rh5 $11 27. Ng4 {[%emt 0:01:53] Inhibits Qh2+.} Ba6 28. Rfd1 Kf7 ({Better is} 28... Bc4 $11) 29. Qd2 (29. a5 $14) 29... Qg3 {[%emt 0:00:30] ( -> ...Rah8)} 30. Qe1 $36 {[%emt 0:01:14][%mdl 2048] White has good play.} Qf4 31. Kf2 Rah8 (31... Rf5 $11 32. Kg1 Bc4) 32. Qd2 $14 Qxd2+ 33. Rxd2 Rh1 34. Ra3 Rf1+ {[%emt 0:01:09] [#]} 35. Kg3 $1 {[%emt 0:00:17] White is better.} Rc1 36. a5 {[%emt 0:00:22] Strongly threatening axb6.} b5 37. b4 Bc8 38. Nf2 g5 {[%emt 0:01:11][%mdl 32768] Weighted Error Value: White=0.09 (flawless) /Black=0.17 (very precise) . Loss on time!?} 0-1

[Event "93rd German Championship 2022"]
[Site "Magdeburg"]
[Date "2022.08.14"]
[Round "1.6"]
[White "Tschernatsch, Johannes"]
[Black "Pajeken, Jakob Leon"]
[Result "0-1"]
[ECO "B51"]
[WhiteElo "2296"]
[BlackElo "2434"]
[Annotator "TA"]
[PlyCount "110"]
[EventDate "2022.08.14"]
[EventType "swiss"]
[EventCountry "GER"]
[SourceTitle "playchess.com"]
[Source "ChessBase"]
[SourceQuality "1"]
[TimeControl "40/5400+30:1800+30"]

1. e4 c5 2. Nf3 d6 3. Bb5+ Nd7 4. a4 Ngf6 5. Nc3 a6 6. Be2 {[%emt 0:00:29] B51: Sicilian: Moscow Variation (3 Bb5+) without 3...Bd7.} g6 7. a5 Bg7 8. O-O {[%emt 0:00:19] White has an edge.} O-O 9. Re1 b5 10. axb6 $1 Bb7 11. d3 Qxb6 {[%emt 0:09:39] [#]} 12. Nd2 $146 ({Predecessor:} 12. h3 c4 13. Ra2 cxd3 14. cxd3 Qc7 15. Bf1 e5 16. Qa4 d5 17. Qa5 Qd6 18. b3 {0-1 (54) Plenca,J (2483)-Brkic,A (2593) Vinkovci 2020}) 12... Ne5 13. Nf1 e6 14. Bf4 Nfd7 15. Na4 Qc6 16. Qd2 f5 17. Ng3 Nf7 18. Bf3 Nde5 19. Be2 d5 (19... Ng4 $142) 20. Qa5 Rac8 21. Bf1 Ng4 (21... fxe4 $15 22. dxe4 (22. Nb6 Rce8 $15) 22... Nd7) 22. exd5 exd5 23. c3 {[%emt 0:02:53] Prevents Bd4.} d4 24. c4 {[%emt 0:00:41] Against Qb5} Nfe5 (24... h5 $1 $11 25. b4 cxb4) 25. Bxe5 ({White should play} 25. Nb6 $1 $14) 25... Nxe5 (25... Bxe5 $15 26. Nb6 Rb8) 26. Qb6 $2 {[%emt 0:00:23] [#]} ({White should try} 26. b4 $1 $11) 26... Nd7 $1 $36 {[%emt 0:00:50][%mdl 2048] Black has strong initiative.} 27. Qxc6 Bxc6 ({And not} 27... Rxc6 28. Ne2 $15 (28. Re7 Rd8 $17)) 28. Ne2 Bh6 {[%emt 0:02:00] Against Nf4} 29. f4 Rb8 30. Ra3 Rb4 31. Rea1 g5 32. g3 Re8 {[%emt 0:01:06] Black is more active.} 33. Kf2 (33. b3 $17 {is a better defense.}) 33... Re3 $19 34. Nxc5 Rxe2+ $2 ({Don't play} 34... Rxb2 35. Nxd7 Bxd7 36. Rxa6 gxf4 37. Rxh6 $14) (34... Nxc5 $19 35. Nxd4 {[#]} gxf4 $1 36. Nxc6 fxg3+ 37. Kg1 Rxb2) 35. Bxe2 $14 Nxc5 36. Ra5 $2 (36. Rxa6 $14 {was the only good move.} Nxa6 37. Rxa6) 36... Bf8 $19 37. R5a2 (37. Rxc5 $142 Bxc5 38. Rxa6) 37... g4 38. Bf1 Rb3 39. Rd1 a5 40. Ke1 $2 {[%emt 0:00:44] Now White is beyond hope.} (40. Rxa5 $17 Rxb2+ 41. Kg1) 40... Bf3 41. Be2 Bxe2 42. Kxe2 a4 43. Rd2 Rb7 44. Kd1 Kf7 45. Re2 Nxd3 46. Rd2 Rb3 {[%emt 0:00:00] ...Bb4 is the strong threat.} 47. Rxa4 (47. c5 $142 Bxc5 48. Rxa4 Nxb2+ 49. Kc2) 47... Nxb2+ 48. Kc2 Nxa4 49. Kxb3 Nc5+ 50. Kc2 d3+ 51. Kd1 Ne4 52. Rb2 Bc5 {[%emt 0:00:00] aiming for ...Be3.} 53. Rb7+ Ke6 {[%emt 0:00:00] And now ...Be3 would win.} 54. Rxh7 Be3 55. Rh6+ Kd7 {[%emt 0:00:00] Weighted Error Value: White=0.61/Black=0.19 (very precise)} 0-1

[Event "93rd German Championship 2022"]
[Site "Magdeburg"]
[Date "2022.08.14"]
[Round "1.7"]
[White "Wachinger, Nikolas"]
[Black "Farokhi, Keyvan"]
[Result "1/2-1/2"]
[ECO "B12"]
[WhiteElo "2437"]
[BlackElo "2332"]
[Annotator "TA"]
[PlyCount "123"]
[EventDate "2022.08.14"]
[EventType "swiss"]
[EventCountry "GER"]
[SourceTitle "playchess.com"]
[Source "ChessBase"]
[SourceQuality "1"]
[TimeControl "40/5400+30:1800+30"]

1. e4 c6 2. d4 d5 3. e5 c5 4. dxc5 e6 5. Be3 Nd7 6. Bb5 {[%emt 0:00:54] B12: Caro-Kann: Advance Variation.} Ne7 {[%emt 0:00:14] 6...Ne7 is better than 6...Qc7.} 7. Bd4 Nf5 8. c3 {[%emt 0:03:57] White has an edge.} a6 9. Ba4 Be7 10. Ne2 O-O 11. O-O {[%emt 0:01:04] [#]} Qc7 $146 ({Predecessor:} 11... Nxc5 12. Bc2 Nxd4 13. cxd4 Nd7 14. Nd2 Nb8 15. Nf3 Nc6 16. Rc1 Bd7 17. Nf4 Rc8 {1-0 (30) Kraft,D (2215)-Packroff,H (1924) GER email 2011}) 12. Bc2 Nxe5 13. Bxf5 exf5 14. Nf4 Ng4 15. g3 Bxc5 16. Nxd5 Qd6 17. Bxc5 Qxc5 18. Qd4 Qxd4 19. cxd4 Rd8 20. Nbc3 b5 ({Much less strong is} 20... Be6 21. Nb6 $16) 21. f3 Nh6 22. Rad1 Bb7 23. Ne3 Rd7 24. Kf2 Rad8 {[%emt 0:00:23] The position is equal.} 25. Ne2 Kf8 26. Rc1 g6 27. Rc5 Ng8 28. Rfc1 Nf6 29. Rc7 Ke7 30. Rxd7+ Rxd7 31. Rc5 Kd6 32. Nf4 Rc7 33. Nd3 Nd7 34. Rxc7 Kxc7 $11 {[%emt 0:00:02][%mdl 4096] Endgame KBN-KNN} 35. b4 Kd6 36. a3 Nb6 37. Nc5 Bc8 38. Ke2 Nd5 39. Nxd5 Kxd5 {[%emt 0:00:02] KB-KN} 40. Kd3 Kd6 41. f4 Kd5 42. a4 Kd6 43. a5 Kd5 44. Nb3 Kd6 45. Nd2 Bb7 46. Nf1 Be4+ 47. Kc3 Bg2 48. Ne3 Bf3 49. Kd3 Be4+ 50. Ke2 Ke6 51. Kf2 f6 52. h4 h5 53. Ke1 Kd6 54. Kd2 Ke6 55. d5+ Kd6 56. Kc3 Bxd5 57. Kd4 Be4 58. Nf1 Bd5 59. Nd2 Be6 60. Nb1 Bd5 61. Nc3 Bc4 62. Ke3 {[%emt 0:00:06] A balanced but interesting game.  Weighted Error Value: White=0.02 (flawless) /Black=0.02 (flawless)} 1/2-1/2

[Event "93rd German Championship 2022"]
[Site "Magdeburg"]
[Date "2022.08.14"]
[Round "1.8"]
[White "Hourigan, Gerrit"]
[Black "Carlstedt, Jonathan"]
[Result "0-1"]
[ECO "A40"]
[WhiteElo "2306"]
[BlackElo "2446"]
[Annotator "TA"]
[PlyCount "64"]
[EventDate "2022.08.14"]
[EventType "swiss"]
[EventCountry "GER"]
[SourceTitle "playchess.com"]
[Source "ChessBase"]
[SourceQuality "1"]
[TimeControl "40/5400+30:1800+30"]

1. d4 Nf6 2. c4 e6 3. g3 d5 4. Nf3 Bb4+ 5. Bd2 Bd6 6. Bg2 {[%emt 0:05:28] E01: Catalan: Early deviations.} O-O 7. O-O Nbd7 8. Qc2 {[%emt 0:09:07] White has an edge.} (8. c5 $5 Be7 9. Nc3 $14) 8... c6 9. Rd1 a5 {[%emt 0:07:37] [#]} 10. Nc3 $146 ({Predecessor:} 10. Bg5 h6 11. Bxf6 Nxf6 12. Nbd2 b5 13. c5 Bc7 14. e4 dxe4 15. Nxe4 Nd5 16. Ne5 {½-½ (25) Livaic,L (2507)-Oparin,G (2652) Chess.com INT 2020}) 10... dxc4 11. e4 {[%emt 0:06:01] aiming for e5.} e5 12. dxe5 Bxe5 13. Nxe5 (13. b3 $5 ) 13... Nxe5 14. Be3 Qe7 15. h3 {[%emt 0:06:48] Inhibits Bg4.} b5 16. f4 (16. b3 $11) 16... Nd3 $15 17. e5 Nd5 $1 18. Nxd5 ({Much worse is} 18. Bxd5 cxd5 19. Qg2 (19. Nxd5 Qe6 $17) 19... Rb8 20. Qxd5 (20. Nxd5 $2 Qd8 $19) 20... Bb7) 18... cxd5 19. a4 (19. Qe2 $15) 19... Rb8 $17 {[%emt 0:06:44][%cal Ba8b8,Bb8b5,Bb5b2][%mdl 32] Black is more active.} 20. axb5 Rxb5 21. Rxd3 (21. Qc3 $17) 21... cxd3 $19 22. Qxd3 Rxb2 {[%emt 0:03:09] Hoping for ...Qb4.} 23. Bd4 Rb4 24. Rxa5 Bf5 25. Qe3 (25. Qxf5 $142 Rxd4 26. Kh2) 25... Rb1+ 26. Kh2 {[%emt 0:00:20] [#]} Be4 27. Bxe4 (27. Ra7 {was necessary.} Qxa7 28. Bxa7) 27... dxe4 28. Qxe4 $2 (28. Ra7 Qd8 29. e6) 28... Qb4 29. Rd5 Rb2+ 30. Kh1 Ra8 {[%emt 0:00:26] Black mates.} 31. Qf3 Ra1+ 32. Bg1 {[%emt 0:00:33] [#]} Rxg1+ $1 {[%emt 0:00:24][%mdl 512] Weighted Error Value: White=0.72/Black=0.04 (flawless)} 0-1

[Event "93rd German Championship 2022"]
[Site "Magdeburg"]
[Date "2022.08.14"]
[Round "1.9"]
[White "Krassowizkij, Jaroslaw"]
[Black "Bracker, Arne"]
[Result "1/2-1/2"]
[ECO "E06"]
[WhiteElo "2428"]
[BlackElo "2277"]
[Annotator "TA"]
[PlyCount "81"]
[EventDate "2022.08.14"]
[EventType "swiss"]
[EventCountry "GER"]
[SourceTitle "playchess.com"]
[Source "ChessBase"]
[SourceQuality "1"]
[TimeControl "40/5400+30:1800+30"]

1. d4 Nf6 2. c4 e6 3. Nf3 d5 4. g3 Be7 5. Bg2 O-O 6. O-O dxc4 7. Qa4 a6 8. Qxc4 b5 9. Qc2 Bb7 10. Bd2 Be4 11. Qc1 c6 {[%emt 0:00:41] E05: Open Catalan: 5 Nf3 Be7.} 12. Rd1 Nbd7 13. Nc3 Bg6 14. a3 Rc8 15. Bg5 Nd5 16. Bxe7 Qxe7 {[%emt 0:00:23] [#]} 17. Qd2 $146 ({Predecessor:} 17. Ne5 Nxe5 18. dxe5 Qc7 19. f4 Qb6+ 20. Kh1 Ne3 21. Rd6 Nc4 22. Rd7 Rfd8 23. Rxd8+ Rxd8 {½-½ (63) Schulz,D (2091)-Nyenhuis,Y (1951) Lueneburg 2019}) 17... Nxc3 (17... N5b6 $11) 18. Qxc3 $14 c5 (18... Be4 $14) 19. dxc5 $16 Nxc5 20. Rac1 {[%emt 0:00:44] [#] Threatens to win with b4.} Qb7 21. Qe5 Nd7 22. Qd6 Nf6 23. Ne5 Be4 24. Rxc8 Qxc8 25. Nd7 Nxd7 26. Bxe4 Nc5 27. Bc6 {[%emt 0:02:40] 0x0.0020ae332109dp-1022s more active pieces.} Nb7 28. Qd7 (28. Bxb7 $5 Qxb7 29. Rc1 $14) 28... Na5 29. Bf3 (29. Be4 {keeps more tension.} g6 30. Qd2 Qc7 31. Qd6) 29... Qxd7 30. Rxd7 $11 {[%emt 0:00:02][%mdl 4096] Endgame KRB-KRN} Nc4 {[%emt 0:00:15] [#] Inhibits Rd6.} (30... g6 $11) 31. Ra7 ({Better is} 31. Bb7 $1 $16 ) 31... Rb8 32. b3 Nxa3 33. Be4 f5 34. Bd3 {[%emt 0:00:15][%mdl 1024] White has compensation.} Rb6 35. Kf1 Rd6 36. Ke1 g5 37. f4 g4 {[%emt 0:00:13] The position is equal.} 38. Kf2 h5 39. Ke3 Kh8 40. Kf2 Kg8 41. Ke3 {[%emt 0:30:05] Weighted Error Value: White=0.11 (very precise) /Black=0.10 (very precise)} 1/2-1/2

[Event "93rd German Championship 2022"]
[Site "Magdeburg"]
[Date "2022.08.14"]
[Round "1.10"]
[White "Cofmann, Veaceslav"]
[Black "Krastev, Alexander"]
[Result "0-1"]
[ECO "D02"]
[WhiteElo "2301"]
[BlackElo "2435"]
[Annotator "TA"]
[PlyCount "80"]
[EventDate "2022.08.14"]
[EventType "swiss"]
[EventCountry "GER"]
[SourceTitle "playchess.com"]
[Source "ChessBase"]
[SourceQuality "1"]
[TimeControl "40/5400+30:1800+30"]

1. d4 d5 2. Nf3 Nf6 3. Bf4 e6 4. e3 c5 5. c3 Nc6 6. Nbd2 cxd4 7. exd4 {[%emt 0:01:53] D02: 1 d4 d5 2 Nf3 sidelines, including 2...Nf6 3 g3 and 2...Nf6 3 Bf4.} Nh5 8. Bg3 g6 9. Bd3 {[%emt 0:01:44] The position is equal.} Bg7 10. O-O Nxg3 11. hxg3 O-O 12. Re1 Bd7 {[%emt 0:03:53] [#]} 13. b4 $146 ({Predecessor:} 13. Nf1 Rb8 14. g4 b5 15. a3 a5 16. Qd2 b4 17. axb4 axb4 18. g5 bxc3 19. bxc3 {1-0 (43) Le,T (2501)-Adhiban,B (2659) Chess.com INT 2020}) 13... Rc8 14. Nb3 b6 15. Qd2 Re8 16. b5 Ne7 17. g4 {[%emt 0:00:50] Prevents Nf5.} Rc7 18. Rac1 Nc8 19. Qf4 {[%emt 0:01:22] Inhibits Nd6.} Rf8 20. Ne5 (20. g5 $11) 20... f6 ({Black should play} 20... Nd6 $15 21. a4 Nc4) 21. Nxd7 $14 Qxd7 22. Rxe6 $2 {[%emt 0:00:20] [#]} Bh6 $1 $36 {[%emt 0:00:41][%mdl 2048] Black is on the roll.} 23. Qxh6 ({But not} 23. g5 $2 Bxg5 24. Qg3 Qxe6 $19) 23... Qxe6 24. Nd2 Qxg4 25. Nf3 (25. Qh2 {is a better defense.} Qd7 26. Nf1) 25... Nd6 26. Nh2 Qg5 27. Qxg5 fxg5 28. Nf3 Rfc8 29. Re1 Rxc3 30. Re6 Nf7 31. Be2 Kf8 32. Kf1 Rc1+ 33. Ne1 Re8 34. Rxe8+ Kxe8 {[%emt 0:00:02][%mdl 4096] Endgame KRN-KBN} 35. Bf3 Nd6 36. a4 Nf5 37. Ke2 Nxd4+ 38. Kd2 {[%emt 0:00:03] [#]} Rxe1 $1 39. Kxe1 (39. Bxd5 Ra1) 39... Nxf3+ 40. gxf3 h5 {[%emt 0:00:16] Weighted Error Value: White=0.42/Black=0.10 (very precise)} 0-1